 Dungeon Crawl Stone Soup version 0.27-a0-1051-g288ea87c7c (webtiles) character file.

Game seed: 2122131495438113935

0 Splishie the Thaumaturge (level 1, 0/13 HPs)
             Began as a Gnoll Wanderer on Apr 20, 2021.
             Frozen to death by an endoplasm (5 damage)
             ... on level 1 of the Dungeon.
             The game lasted 00:01:12 (133 turns).

Splishie the Thaumaturge (Gnoll Wanderer)            Turns: 133, Time: 00:01:13

Health: 0/13       AC:  2    Str: 11    XL:     1   Next: 10%
Magic:  16/16      EV: 11    Int: 12    God:
Gold:   16         SH:  0    Dex: 10    Spells: 24/29 levels left

rFire    . . .     SeeInvis .   a - +0 club
rCold    . . .     Faith    .   (no shield)
rNeg     . . .     Spirit   .   c - +0 robe
rPois    .         Reflect  .   (no helmet)
rElec    .         Harm     .   (no cloak)
rCorr    .         Rampage  .   (no gloves)
Will     .....                  (no boots)
Stlth    +.........             (no amulet)
HPRegen  0.04/turn              (no ring)
MPRegen  0.15/turn              (no ring)

@: no status effects
A: fangs 1, strong nose, distributed training
a: no special abilities


You were on level 1 of the Dungeon.
You visited 1 branch of the dungeon, and saw 2 of its levels.

You collected 16 gold pieces.

Inventory:

Hand Weapons
 a - a +0 club (weapon)
Missiles
 e - 18 sling bullets
Armour
 c - a +0 robe (worn)
 d - a +0 leather armour
Scrolls
 f - a scroll of blinking {unknown}
Potions
 b - a potion of lignification
 g - 2 potions of curing {unknown}


   Skills:
 + Level 0.0 Fighting
 + Level 0.0 Short Blades
 + Level 0.0 Long Blades
 + Level 0.0 Axes
 + Level 0.0 Maces & Flails
 + Level 0.0 Polearms
 + Level 0.0 Staves
 + Level 0.0 Slings
 + Level 0.0 Bows
 + Level 0.0 Crossbows
 + Level 0.0 Throwing
 + Level 0.0 Armour
 + Level 0.0 Dodging
 + Level 0.0 Stealth
 + Level 4.4 Shields
 + Level 0.0 Unarmed Combat
 + Level 14.6 Spellcasting
 + Level 0.0 Conjurations
 + Level 0.0 Hexes
 + Level 0.0 Summonings
 + Level 0.0 Necromancy
 + Level 1.9 Translocations
 + Level 0.0 Transmutations
 + Level 0.0 Fire Magic
 + Level 0.0 Ice Magic
 + Level 0.0 Air Magic
 + Level 0.0 Earth Magic
 + Level 0.0 Poison Magic
 + Level 0.0 Invocations
 + Level 0.0 Evocations


You had 24 spell levels left.
You knew the following spells:

 Your Spells              Type           Power      Damage    Failure   Level
a - Magic Dart            Conj           32%        1d4       8%          1
b - Animate Skeleton      Necr           16%        N/A       8%          1
c - Apportation           Tloc           26%        N/A       3%          1
d - Corona                Hex            8%         N/A       8%          1
e - Summon Small Mammal   Summ           32%        N/A       8%          1

Your spell library contained the following spells:

 Spells                   Type           Power      Damage    Failure   Level
 Blink                    Tloc           N/A        N/A       4%          2
 Call Imp                 Summ           8%         N/A       12%         2
 Slow                     Hex            8%         N/A       12%         2
 Conjure Flame            Conj/Fire      8%         6-21      22%         3
 Mephitic Cloud           Conj/Pois/Air  8%         N/A       22%         3


Dungeon Overview and Level Annotations

Branches:
Dungeon (2/15)

Altars:

Shops:
D:1 !


Innate Abilities, Weirdness & Mutations

You have very sharp teeth.
Your uncanny sense of smell can sniff out nearby items.
Your experience applies equally to all skills.


Message History

You pick up a book of Cantrips and begin reading...
You add the spells Corona, Animate Skeleton, Summon Small Mammal and Apportation to your library.
Memorise Animate Skeleton, consuming 1 spell level and leaving 27?
You start memorising the spell.
You continue memorising.
You finish memorising.
Spell assigned to 'b'.
Memorise Apportation, consuming 1 spell level and leaving 26?
You start memorising the spell.
You continue memorising.
You finish memorising.
Spell assigned to 'c'.
Memorise Corona, consuming 1 spell level and leaving 25?
You start memorising the spell.
You continue memorising.
You finish memorising.
Spell assigned to 'd'.
Memorise Summon Small Mammal, consuming 1 spell level and leaving 24?
You start memorising the spell.
You continue memorising.
You finish memorising.
Spell assigned to 'e'.
Found a scroll labelled BIATTIERCHO.
Found 16 gold pieces.
f - a scroll labelled BIATTIERCHO You now have 16 gold pieces.
Found 12 gold pieces.
Found a stone staircase leading down.
Found 2 bubbling pink potions.
g - 2 bubbling pink potions A frilled lizard comes into view.
An endoplasm comes into view.
The endoplasm quivers.
The frilled lizard hisses angrily.
The endoplasm hits you. The endoplasm freezes you.
You are frozen.
Found 22 arrows.
You hit the endoplasm.
The endoplasm is moderately wounded.
The endoplasm freezes you.
You are frozen.
The frilled lizard barely misses you.
You hit the endoplasm.
The endoplasm is severely wounded.
The frilled lizard barely misses you. The endoplasm completely misses you.
The endoplasm freezes you.
You are frozen.
You die...

###### #...... #....#
#...... #....# #......
#....#######...... ##
###.................
...##...................
.......$........#.......
.......J..####..........
.....>l@................
......#.#.####....####..
......#.#.# #.#### #..
##....#.#.# #.# #.. ####
#.#.. ..# #.. ..(.. ####
...##. ... .


You could see an endoplasm and a frilled lizard.

Vanquished Creatures
  A kobold (D:2)
1 creature vanquished.

Notes
Turn   | Place    | Note
-------+----------+-------------------------------------------
     0 | D:1      | Reached skill level 14 in Spellcasting
     0 | D:1      | Splishie the Gnoll Wanderer began the quest for the Orb.
     0 | D:1      | Splishie set off with the following items: a +0 club, a
                  | potion of lignification, a +0 robe; and the following spell
                  | memorised: Magic Dart; and the following spells available
                  | to memorise: Blink, Call Imp, Slow, Conjure Flame, Mephitic
                  | Cloud
     0 | D:1      | Reached XP level 1. HP: 13/13 MP: 16/16
    15 | D:1      | Found Zaalacaco's Distillery.
    67 | D:1      | Learned a level 1 spell: Animate Skeleton
    69 | D:1      | Learned a level 1 spell: Apportation
    71 | D:1      | Learned a level 1 spell: Corona
    73 | D:1      | Learned a level 1 spell: Summon Small Mammal
   133 | D:1      | Frozen to death by an endoplasm

Illustrated notes

Levels and vault maps discovered:
D:1:      saegor_arrival_simple_b, layout_basic, serial_shops,
          nicolae_shop_crystal
D:2:      layout_loops_ring, hellmonk_ecumenical_altar_run_dry,
          minmay_heptomino_w4

Skill      XL: | |
---------------+-+-----
Spellcasting   | | 14.6
Shields        | |  4.4
Translocations | |  1.9

Action                   || total
-------------------------++-------
Melee: Club              ||     6
       Bite              ||     1
Armor: Robe              ||     1
Dodge: Dodged            ||     5

Table legend: (Time is in decaauts)
 A = Elapsed time spent in this place.
 B = Non-inter-level travel time spent in this place.
 C = Inter-level travel time spent in this place.
 D = Time resting spent in this place.
 E = Time spent auto-exploring this place.
 F = Levels seen in this place.
 G = Mean time per level.
                   A        B        C        D        E       F      G
               +--------+--------+--------+--------+--------+-----+--------+
         Total |    134 |    134 |      0 |      0 |      0 |   2 |   67.0 |
       Dungeon |    134 |    134 |      0 |      0 |      0 |   2 |   67.0 |
               +--------+--------+--------+--------+--------+-----+--------+

Top non-repeatable levels by time:
     D:1: 114 daAuts
     D:2: 19 daAuts
